 Dungeon Crawl Stone Soup version 0.32-a0-893-gf85d74f360 (webtiles) character file.

Game seed: 696703991380678555

10149 jasper the Cleaver (level 11, -2/84 HPs)
             Began as a Formicid Fighter on Apr 3, 2024.
             Was a Priest of Okawaru.
             Slain by a four-headed hydra (10 damage)
             ... on level 11 of the Dungeon.
             The game lasted 00:19:10 (10471 turns).

jasper the Cleaver (Formicid Fighter)              Turns: 10471, Time: 00:19:11

Health: -2/84      AC: 26    Str: 25    XL:     11   Next: 87%
Magic:  17/17      EV:  6    Int:  8    God:    Okawaru [***...]
Gold:   264        SH:  5    Dex: 10    Spells: 10/10 levels left

rFire   + . .        w - +3 dire flail (heavy)
rCold   + . .        c - +0 buckler
rNeg    . . .        D - +2 plate armour {rF+}
rPois   .            (helmet unavailable)
rElec   +            C - +1 cloak of Trumpets {+Inv Will+ Dex-3}
rCorr   .            (no gloves)
SInv    +            o - +0 pair of boots of Limitation {rElec}
Will    +++..        B - amulet of Kuas Riguuma {Faith rC+ Will+} Stlth
                     g - +4 ring of protection
HPRegen 0.34/turn    K - +4 ring of protection
MPRegen 0.15/turn

%: faith
@: no status effects
A: permanent stasis, dig shafts and tunnels, antennae 3, four strong arms
a: Dig, Shaft Self, Renounce Religion, Evoke Invisibility, Heroism


You were on level 11 of the Dungeon.
You worshipped Okawaru.
Okawaru was most pleased with you.
You visited 1 branch of the dungeon, and saw 11 of its levels.
You also visited: Bailey.

You collected 795 gold pieces.
You spent 531 gold pieces at shops.

Inventory:

Hand Weapons
 a - a +1 war axe
 w - a +3 heavy dire flail (weapon)
 G - a +0 battleaxe
Missiles
 l - 66 stones (quivered)
 n - 17 poisoned darts
 q - 4 curare-tipped darts
 r - 9 boomerangs
Armour
 b - a +0 scale mail
 c - a +0 buckler (worn)
 i - a +1 plate armour
 o - the +0 pair of boots of Limitation (worn) {rElec}
   (You bought it in a shop on level 1 of the Dungeon)

   rElec:     It insulates you from electricity.
 C - the +1 cloak of Trumpets (worn) {+Inv Will+ Dex-3}
   (You found it in a bailey)

   Dex-3:     It affects your dexterity (-3).
   Will+:     It increases your willpower.
   +Inv:      It lets you turn invisible.
 D - a +2 plate armour of fire resistance (worn)
Jewellery
 g - a +4 ring of protection (left hand)
 m - an amulet of faith
 B - the amulet of Kuas Riguuma (around neck) {Faith rC+ Will+}
   (You took it off an orc on level 9 of the Dungeon)

   [amulet of faith]

   Faith:     It allows you to gain divine favour quickly.
   rC+:       It protects you from cold.
   Will+:     It increases your willpower.
 K - a +4 ring of protection (right hand)
Wands
 e - a wand of light (1)
 p - a wand of paralysis (15)
 t - a wand of roots (5)
 M - a wand of flame (7)
Scrolls
 d - a scroll of immolation
 v - a scroll of amnesia
 y - a scroll of enchant weapon
 H - a scroll of vulnerability
Potions
 f - 2 potions of enlightenment
 h - a potion of berserk rage
 j - 4 potions of curing
 k - 2 potions of haste
 s - a potion of mutation {unknown}
 u - 2 potions of degeneration {unknown}
 x - 3 potions of brilliance
 z - 3 potions of might
 A - a potion of attraction {unknown}
 E - 3 potions of resistance {unknown}
 F - a potion of invisibility {unknown}
 I - a potion of ambrosia {unknown}
 J - 2 potions of heal wounds
 L - a potion of cancellation {unknown}


   Skills:
 + Level 7.0 Fighting
 * Level 13.1 Axes
 - Level 3.0 Throwing
 + Level 7.1 Armour
 + Level 8.5 Shields
 - Level 8.0 Invocations


You had 10 spell levels left.
You didn't know any spells.
Your spell library contained the following spells:

 Spells                   Type           Power      Damage    Failure   Level
 Necrotise                Necr           0%         1d4       99%         1
 Vampiric Draining        Necr           0%         2d6       100%        3
 Anguish                  Hex/Necr       0%         N/A       100%        4
 Cause Fear               Hex            0%         N/A       100%        4
 Curse of Agony           Necr           0%         N/A       100%        5
 Enfeeble                 Hex            0%         N/A       100%        7
 Martyr's Knell           Necr/Summ      Unusable   N/A       N/A         4

Dungeon Overview and Level Annotations

Branches:
Dungeon (11/15)            Temple (0/1) D:7            Lair (0/5) D:10
 Bailey (visited)
    Orc: D:9-12

Altars:
Cheibriados
Dithmenos
Elyvilon
Gozag
Okawaru
Qazlal
Sif Muna

Shops:
D:1 *   D:2 (:   D:11 !

Annotations:
D:8 2 transporters
D:9 Jeremiah
D:10 2 transporters, pokeman's ghost, novice DEHW


Innate Abilities, Weirdness & Mutations

You cannot be hasted, slowed, berserked, paralysed or teleported.
You can dig through walls and to a lower floor.
You have a pair of large antennae on your head. (SInv)
Your four strong arms can wield two-handed weapons with a shield.


Message History

You block the four-headed hydra's attack.
You take 9 damage, and have 68/84 hp.
You hit the four-headed hydra.
The four-headed hydra is heavily wounded.
The four-headed hydra bites you.
The four-headed hydra bites you but does no damage.
The four-headed hydra bites you!
You block the four-headed hydra's attack.
You take 11 damage, and have 57/84 hp.
You hit the four-headed hydra but do no damage.
The four-headed hydra is heavily wounded.
The four-headed hydra bites you!
The four-headed hydra bites you but does no damage.
The four-headed hydra closely misses you.
You block the four-headed hydra's attack. x2
The four-headed hydra bites you. x2
The four-headed hydra bites you but does no damage.
You take 13 damage, and have 44/84 hp.
You sock the four-headed hydra!
The four-headed hydra is heavily wounded.
The four-headed hydra bites you but does no damage.
The four-headed hydra bites you. x2
You block the four-headed hydra's attack.
You take 5 damage, and have 39/84 hp.
You puncture the four-headed hydra!
The four-headed hydra is severely wounded.
The four-headed hydra completely misses you.
The four-headed hydra bites you but does no damage.
The four-headed hydra bites you. The four-headed hydra bites you!
You take 12 damage, and have 27/84 hp.
You sock the four-headed hydra!
The four-headed hydra is almost dead.
The four-headed hydra bites you but does no damage. x2
The four-headed hydra bites you!
* * * LOW HITPOINT WARNING * * *
You block the four-headed hydra's attack.
The four-headed hydra bites you!
* * * LOW HITPOINT WARNING * * *
The four-headed hydra bites you!
You die...

##..# ###...##
#.)....## #..##...#
###....#>.#
##...#..#..##
#...###.....#
##...##.....#
##@........#
#D.<..##..##
#..........#
#........#..[..####
#..#............#.#.#
.>............#...##
.......###.##........#
....... #..#....<....#
..............#.......#


You could see a four-headed hydra.

Vanquished Creatures
  A two-headed ogre (D:10)
  A boulder beetle (D:8)
  The ghost of Griffin23 the Carver, a novice MiFi of Nemelex Xobeh (D:7)
  Prince Ribbit (D:5)
  A hornet (D:10)
  A wraith (D:10)
  Sigmund (D:6)
  A shadow (D:9)
  The ghost of NotBatman the Poker, an amateur MiCA of Elyvilon (D:3)
  3 basilisks (D:10)
  3 wyverns
  12 yaks
  Menkaure (D:5)
  3 steam dragons (D:8)
  Edmund (D:6)
  2 acid dragons (D:9)
  8 orc warriors
  3 black bears
  5 ice beasts
  An ogre (D:3)
  2 centaurs
  A phantom (D:7)
  5 bullfrogs
  3 scorpions
  16 killer bees
  3 howler monkeys
  A bombardier beetle (D:4)
  A hound (D:6)
  A jelly (D:7)
  3 orc priests
  A gnoll bouda (D:7)
  A sleepcap (D:7)
  6 iguanas
  9 orc wizards
  12 gnolls
  10 adders
  A shadow imp (D:8)
  A white imp (D:5)
  2 ufetubi (D:6)
  2 dart slugs
  50 orcs
  4 bats
  4 endoplasms
  2 giant cockroaches
  3 goblins (D:1)
  12 hobgoblins
  4 jackals
  7 kobolds
  3 quokkas
  7 ball pythons
  6 frilled lizards
  5 rats
239 creatures vanquished.

Notes
Turn   | Place    | Note
-------+----------+-------------------------------------------
     0 | D:1      | jasper the Formicid Fighter began the quest for the Orb.
     0 | D:1      | Reached XP level 1. HP: 18/18 MP: 1/1
   233 | D:1      | Reached XP level 2. HP: 21/24 MP: 2/2
   288 | D:1      | Found Cuut's General Store.
   434 | D:1      | Reached XP level 3. HP: 26/29 MP: 3/3
   859 | D:2      | Found Asefaig's Antique Weapon Shop.
  1014 | D:2      | Reached XP level 4. HP: 37/37 MP: 4/4
  1099 | D:2      | Reached skill level 3 in Axes
  1119 | D:2      | Found Ochemu's Book Emporium.
  1546 | D:3      | Reached XP level 5. HP: 25/42 MP: 5/5
  1838 | D:3      | Noticed NotBatman's ghost (amateur MiCA)
  1848 | D:3      | Found a runed translucent gate.
  1848 | D:3      | Found a runed translucent gate.
  1849 | D:3      | Found a runed translucent gate.
  1864 | D:3      | Noticed an ogre
  2247 | D:3      | Reached skill level 4 in Axes
  2323 | D:4      | Found an opulent altar of Gozag.
  2341 | D:4      | Found a shimmering blue altar of Sif Muna.
  2357 | D:4      | Reached XP level 6. HP: 48/48 MP: 6/6
  2376 | D:4      | Reached skill level 5 in Axes
  2470 | D:4      | Reached XP level 7. HP: 43/54 MP: 7/7
  2938 | D:4      | Reached skill level 6 in Axes
  3029 | D:5      | Entered Level 5 of the Dungeon
  3029 | D:5      | Noticed a yak
  3029 | D:5      | Noticed a yak
  3029 | D:5      | Noticed a yak
  3029 | D:5      | Noticed a yak
  3030 | D:5      | Noticed a yak
  3038 | D:5      | Found a shadowy altar of Dithmenos.
  3055 | D:5      | Killed a yak
  3058 | D:5      | Killed a yak
  3059 | D:5      | Reached skill level 7 in Axes
  3066 | D:5      | Killed a yak
  3067 | D:5      | Reached skill level 8 in Axes
  3067 | D:5      | Reached XP level 8. HP: 57/60 MP: 8/8
  3070 | D:5      | Killed a yak
  3110 | D:5      | Killed a yak
  3111 | D:5      | Reached skill level 9 in Axes
  3158 | D:5      | Reached skill level 5 in Shields
  3174 | D:5      | Noticed Prince Ribbit
  3431 | D:5      | Reached XP level 9. HP: 46/66 MP: 9/9
  3522 | D:1      | Bought the +0 pair of boots of Limitation {rElec} for 259
                  | gold pieces
  3640 | D:5      | Noticed Menkaure
  3651 | D:5      | Killed Menkaure
  3682 | D:5      | Killed Prince Ribbit
  3683 | D:5      | Reached skill level 5 in Fighting
  3683 | D:5      | Reached skill level 10 in Axes
  3683 | D:5      | Reached skill level 5 in Armour
  4634 | D:6      | Found an iron altar of Okawaru.
  4809 | D:6      | Became a worshipper of Warmaster Okawaru
  5019 | D:6      | Noticed Edmund
  5030 | D:6      | Killed Edmund
  5056 | D:6      | Noticed Sigmund
  5063 | D:6      | Killed Sigmund
  5112 | D:6      | Reached * piety under Okawaru
  5113 | D:6      | Reached XP level 10. HP: 44/76 MP: 10/10
  5662 | D:7      | Reached skill level 1 in Invocations
  5744 | D:7      | Reached skill level 1 in Throwing
  6018 | D:7      | Reached ** piety under Okawaru
  6210 | D:7      | Found a staircase to the Ecumenical Temple.
  6248 | D:7      | Found a large runed translucent door.
  6249 | D:7      | Found a large runed translucent door.
  6252 | D:7      | Noticed Griffin23's ghost (novice MiFi)
  6345 | D:7      | Identified the +1 robe of the Hidden Vale {rCorr Int+3}
  6525 | D:7      | Found a snail-covered altar of Cheibriados.
  6661 | D:8      | Reached skill level 5 in Invocations
  6944 | D:8      | Found a stormy altar of Qazlal.
  7276 | D:8      | Found a flagged portal.
  7286 | Bailey   | Entered a bailey
  7594 | Bailey   | Identified the death talisman of the Butterfly {rF- rCorr
                  | Int-2 SInv}
  7595 | Bailey   | Identified the +1 cloak of Trumpets {+Inv Will+ Dex-3}
  7702 | D:8      | Found a transporter.
  7711 | D:8      | Reached *** piety under Okawaru
  7716 | D:8      | Found a white marble altar of Elyvilon.
  7733 | D:8      | Found a transporter.
  7989 | D:8      | Noticed a boulder beetle
  7998 | D:8      | Killed a boulder beetle
  7999 | D:8      | Reached skill level 11 in Axes
  7999 | D:8      | Reached XP level 11. HP: 81/83 MP: 17/17
  8425 | D:3      | Killed NotBatman's ghost
  8562 | D:7      | Killed Griffin23's ghost
  8562 | D:7      | Reached **** piety under Okawaru
  8842 | D:9      | Identified the amulet of Kuas Riguuma {Faith rC+ Will+}
  8976 | D:9      | Noticed a seven-headed hydra
  8978 | D:9      | Noticed a centaur warrior
  8978 | D:9      | Noticed a centaur warrior
  8980 | D:9      | Noticed a green ugly thing
  8982 | D:9      | Noticed Jeremiah
  8988 | D:10     | Entered Level 10 of the Dungeon
  9004 | D:10     | Reached skill level 12 in Axes
  9786 | D:10     | Noticed a two-headed ogre
  9797 | D:10     | Killed a two-headed ogre
  9799 | D:10     | Found a staircase to the Lair.
  9897 | D:10     | Found a transporter.
  9899 | D:10     | Noticed a two-headed ogre
  9900 | D:10     | Noticed pokeman's ghost (novice DEHW)
  9901 | D:10     | Identified the +7 great mace of Drought {heavy, rC+ Int+2}
  9901 | D:10     | Identified the +7 dire flail of Mayhem {heavy, ^Contam
                  | Int-3 Dex+8 Stlth+}
  9901 | D:10     | Noticed a two-headed ogre
  9902 | D:10     | Noticed a two-headed ogre
  9903 | D:10     | Noticed a two-headed ogre
 10056 | D:10     | Reached skill level 13 in Axes
 10268 | D:10     | Found a transporter.
 10401 | D:11     | Found Hococ's Distillery.
 10404 | D:11     | Bought a potion of heal wounds for 80 gold pieces
 10404 | D:11     | Bought a potion of heal wounds for 80 gold pieces
 10404 | D:11     | Bought a potion of might for 64 gold pieces
 10404 | D:11     | Bought a potion of curing for 48 gold pieces
 10457 | D:11     | Noticed a four-headed hydra
 10471 | D:11     | Slain by a four-headed hydra

Illustrated notes

Levels and vault maps discovered:
D:1:      beargit_arrival_greenhouse, layout_basic, serial_shops,
          nicolae_shop_window_shopping, minmay_misc_feat_doors
D:2:      layout_rooms, serial_shops, nicolae_shop_trees, shop,
          kennysheep_generic_room_12
D:3:      layout_basic, gammafunk_ghost_split
D:4:      layout_rooms, mainiacjoe_overflow_concentric_impassable,
          mainiacjoe_overflow_paths
D:5:      layout_rooms, mainiacjoe_overflow_chevrons, serial_rivers,
          chequers_serial_rivers_room_b, chequers_serial_rivers_room_a,
          chequers_serial_rivers_micro_b, chequers_serial_rivers_micro_b,
          chequers_serial_rivers_room_a, chequers_serial_rivers_small_3,
          uniq_menkaure, uniq_prince_ribbit1
D:6:      layout_layer_cave, kennysheep_little_box, uniq_edmund, uniq_sigmund
D:7:      layout_gridville, kennysheep_slug_shrine,
          minmay_temple_entry_butterflies, ebering_ghost_disaster_area
D:8:      layout_loops_ring, grunt_qazlal_clouds, elyvilon_altar_4,
          enter_bailey_6, supply_closet_lemuel, patterned_corridor
D:9:      minmay_the_grid_triangle_9x9_recursive_2_mashed
          [minmay_the_grid_triangle_9x9_prize_insulated,
          minmay_the_grid_triangle_9x9_from_above,
          minmay_the_grid_triangle_9x9_longest,
          minmay_the_grid_triangle_9x9_semitri], layout_rooms,
          nicolae_overflow_crystal_walls, erik_orc_1,
          hangedman_abyss_or_decor_stagger, uniq_jeremiah
D:10:     layout_cave_pools, dpeg_lair_monsters, gammafunk_ghost_smash,
          kennysheep_generic_room_15
D:11:     lemuel_ogre_cave, layout_cave_pools, serial_shops, shop, shop,
          nicolae_shop_tiny_real_fake_doors, shop

Skill      XL: |  1  2  3  4  5  6  7  8  9 10 11 |
---------------+----------------------------------+-----
Axes           | 3 4 5 8 9 10 11 13 | 13.1
Armour         | 4 5 6 7 |  7.1
Fighting       | 4 5 6 7 |  7.0
Shields        | 5 7 8 |  8.5
Invocations    | 8 |  8.0
Throwing       | 3 |  3.0

Action                     |  1- 3 |  4- 6 |  7- 9 | 10-12 || total
---------------------------+-------+-------+-------+-------++-------
  Melee: War axe           |   100 |   119 |   236 |   316 ||   771
         Battleaxe         |       |       |       |   150 ||   150
         Dire flail        |       |       |       |     7 ||     7
  Throw: Stone             |       |       |       |     9 ||     9
 Invoke: Heroism           |       |       |       |     7 ||     7
Ability: Dig               |       |       |       |     3 ||     3
  Evoke: Wand              |       |       |     3 |     2 ||     5
    Use: Scroll            |       |     2 |     8 |     8 ||    18
         Potion            |       |       |     2 |     3 ||     5
   Stab: Paralysed         |       |       |     3 |       ||     3
         Invisible         |       |       |       |     2 ||     2
 Armour: Scale mail        |    80 |    39 |       |       ||   119
         Plate armour      |       |    73 |   176 |   463 ||   712
  Dodge: Dodged            |    32 |    49 |    59 |   154 ||   294
  Block: Buckler           |    27 |    29 |    57 |   130 ||   243

Table legend: (Time is in decaauts)
 A = Elapsed time spent in this place.
 B = Non-inter-level travel time spent in this place.
 C = Inter-level travel time spent in this place.
 D = Time resting spent in this place.
 E = Time spent auto-exploring this place.
 F = Levels seen in this place.
 G = Mean time per level.
                   A        B        C        D        E       F      G
               +--------+--------+--------+--------+--------+-----+--------+
         Total |  10579 |   9991 |    588 |    855 |   6769 |  12 |  881.6 |
       Dungeon |  10169 |   9581 |    588 |    855 |   6510 |  11 |  924.5 |
        Bailey |    410 |    410 |      0 |      0 |    258 |   1 |  410.0 |
               +--------+--------+--------+--------+--------+-----+--------+

Top non-repeatable levels by time:
     D:6: 1541 daAuts
    D:10: 1343 daAuts
     D:7: 1253 daAuts
     D:8: 1206 daAuts
     D:3: 1003 daAuts
     D:4: 930 daAuts
     D:1: 929 daAuts
     D:5: 842 daAuts
     D:2: 661 daAuts
  Bailey: 410 daAuts
     D:9: 318 daAuts
    D:11: 139 daAuts
